 Dungeon Crawl Stone Soup version 0.22-a0-425-g89d60a1 (webtiles) character file.

231938 HelenOfTrog the Brawler (level 19, 0/160 HPs)
             Began as a Ghoul Monk on May 24, 2018.
             Was the Champion of Hepliaklqana.
             Slain by a yaktaur captain (15 damage)
             ... on level 2 of the Vaults.
             The game lasted 01:57:25 (37396 turns).

HelenOfTrog the Brawler (Ghoul Monk)               Turns: 37396, Time: 01:57:25

Health: 0/160      AC: 29    Str: 23    XL:     19   Next: 52%
Magic:  25/25      EV: 15    Int: 15    God:    Hepliaklqana [******]
Gold:   134        SH:  0    Dex: 16    Spells: 5/18 levels left

rFire    + + .     SeeInvis +     - Unarmed
rCold    + + .     Gourm    .   (no shield)
rNeg     + + +     Faith    .   x - +4 plate armour {MR+}
rPois    ∞         Spirit   .   e - +2 helmet
rElec    .         Reflect  .   m - scarf {repulsion}
rCorr    +         Harm     .   U - +2 pair of gloves "Caowuanu" {rF- rC+ rCorr Str+9}
MR       ++...                  E - +0 pair of boots of Disguise {rF++ Str-4 Int+6}
Stlth    ..........             J - amulet of magic regeneration
HPRegen  0.00/turn              C - ring of Beogh's Displeasure {rF+ Int+4 SInv}
MPRegen  0.44/turn              I - +4 ring of evasion

@: rotting, repel missiles
A: rotting body, reduced essence, claws 1, carnivore, cold resistance 1,
negative energy resistance 3, inhibited regeneration, torment resistance,
unbreathing
}: 1/15 runes: gossamer
a: Recall Ancestor, Ancestor Identity, Transference, Idealise, Renounce Religion


You were on level 2 of the Vaults.
You worshipped Hepliaklqana.
Hepliaklqana was exalted by your worship.
You were not hungry.

You visited 5 branches of the dungeon, and saw 29 of its levels.
You also visited: Trove, Ossuary, Bailey and Volcano.

You collected 2823 gold pieces.
You spent 2689 gold pieces at shops.


Innate Abilities, Weirdness & Mutations

Your body is rotting away.
You thrive on raw meat.
You are immune to poison.
You have sharp fingernails.
You are carnivorous and can eat meat at any time.
Your flesh is cold resistant. (rC+)
You are immune to negative energy. (rN+++)
You do not regenerate when monsters are visible.
You are immune to unholy pain and torment.
You can survive without breathing.
Your life essence is reduced to manifest your ancestor. (-10% HP)


   Skills:
 + Level 17.7 Fighting
 - Level 11.5 Throwing
 - Level 14.0 Armour
 + Level 7.2 Dodging
 - Level 2.1 Stealth
 + Level 20.9 Unarmed Combat
 - Level 10.6 Invocations


You had 5 spell levels left.
You knew the following spells:

 Your Spells              Type           Power        Failure   Level  Hunger
a - Leda's Liquefaction   Hex/Erth       #.........   100%        4    #####..
b - Teleport Other        Tloc           #.......     100%        3    ####...
c - Passage of Golubria   Tloc           N/A          100%        4    #####..
B - Blink                 Tloc           N/A          98%         2    ###....

Your spell library contained the following spells:

 Spells                   Type           Power        Failure   Level  Hunger
 Magic Dart               Conj           #...         94%         1    ##.....
 Conjure Flame            Conj/Fire      #.......     100%        3    ####...
 Bolt of Magma            Conj/Fire/Erth #.........   100%        5    ######.
 Slow                     Hex            #.......     98%         2    ###....
 Confuse                  Hex            #.......     100%        3    ####...
 Mephitic Cloud           Conj/Pois/Air  #.......     100%        3    ####...
 Bolt of Draining         Conj/Necr      #.........   100%        5    ######.
 Call Imp                 Summ           #.......     98%         2    ###....
 Sting                    Conj/Pois      #...         94%         1    ##.....
 Tukima's Dance           Hex            #.......     100%        3    ####...
 Iron Shot                Conj/Erth      #.........   100%        6    #######
 Stone Arrow              Conj/Erth      #.....       100%        3    ####...
 Statue Form              Tmut/Erth      #........    100%        6    #######
 Passwall                 Tmut/Erth      #.........   98%         2    ###....
 Ignite Poison            Fire/Tmut/Pois #.......     100%        3    ####...
 Ensorcelled Hibernation  Hex/Ice        #.....       98%         2    ###....
 Shatter                  Erth           #.........   100%        9    #######
 Corona                   Hex            #......      94%         1    ##.....
 Lee's Rapid Deconstruct  Erth           #.........   100%        5    ######.
 Sandblast                Erth           #.....       94%         1    ##.....
 Petrify                  Tmut/Erth      #.......     100%        4    #####..
 Shroud of Golubria       Chrm/Tloc      #.........   98%         2    ###....
 Dazzling Spray           Conj/Hex       #.....       100%        3    ####...
 Gell's Gravitas          Tloc           #.........   100%        3    ####...
 Lesser Beckoning         Tloc           #.........   100%        3    ####...


Dungeon Overview and Level Annotations

Branches:
Dungeon (15/15)            Temple (0/1) D:6            Lair (6/6) D:8
 Shoals (0/4) Lair:2       Spider (4/4) Lair:4        Slime (0/5) Lair:6
    Orc (2/2) D:10            Elf (0/3) Orc:2        Vaults (2/5) D:14
 Depths (0/5) D:15
  Crypt: Vaults:2-3

Altars:
Ashenzari
Gozag
Hepliaklqana
Kikubaaqudgha
Makhleb
Okawaru
Qazlal
Ru
Trog
Wu Jian
Beogh
Jiyva

Shops:
D:7 !!([=   D:10 [   Orc:2 :(([*!::=   Vaults:1 !*(=   Vaults:2 %

Inventory:

Missiles
 L - 60 tomahawks of returning (quivered)
Armour
 e - a +2 helmet (worn)
 m - a scarf of repulsion (worn)
   (You found it on level 1 of the Dungeon)
 x - a +4 plate armour of magic resistance (worn)
   (You found it on level 1 of the Vaults)
 E - the +0 pair of boots of Disguise (worn) {rF++ Str-4 Int+6}
   (You acquired it on level 5 of the Lair of Beasts)

   It affects your strength (-4).
   It affects your intelligence (+6).
   It greatly protects you from fire.
 U - the +2 pair of gloves "Caowuanu" (worn) {rF- rC+ rCorr Str+9}
   (You found it on level 6 of the Lair of Beasts)

   It affects your strength (+9).
   It makes you vulnerable to fire.
   It protects you from cold.
   It protects you from acid and corrosion.
Jewellery
 i - an uncursed ring of wizardry
 C - the ring of Beogh's Displeasure (left hand) {rF+ Int+4 SInv}
   (You bought it in a shop on level 2 of the Orcish Mines)

   [ring of protection from fire]

   It affects your intelligence (+4).
   It protects you from fire.
   It lets you see invisible.
 I - a +4 ring of evasion (right hand)
 J - an amulet of magic regeneration (around neck)
Wands
 c - a wand of digging (24)
 o - a wand of disintegration (26)
 t - a wand of polymorph (11)
 v - a wand of random effects (61)
 N - a wand of iceblast (24)
 Q - a wand of scattershot (4)
 W - a wand of clouds (7)
 Y - a wand of paralysis (12)
 Z - a wand of acid (7)
Scrolls
 g - 19 scrolls of remove curse {@r8}
 p - 4 scrolls of fog
 s - 11 scrolls of identify {@r9}
 u - 2 scrolls of amnesia
 w - 7 scrolls of teleportation {@r4}
 y - 5 scrolls of fear
 D - 7 scrolls of blinking
 F - a scroll of torment
 R - 4 scrolls of enchant armour
 T - 2 scrolls of magic mapping
 V - a scroll of summoning
Potions
 d - 14 potions of flight
 f - 6 potions of haste {@q3}
 z - 3 potions of heal wounds {@q2}
 A - a potion of might
 G - a potion of curing {@q1}
 H - 2 potions of brilliance
 M - 2 potions of cancellation
 O - a potion of invisibility
 P - 5 potions of ambrosia {!e}
 S - a potion of resistance
Miscellaneous
 n - a phial of floods
 X - a lamp of fire
Comestibles
 b - 55 rations
 K - 26 chunks of flesh {@w1}

######### ........#
.......)###########
......c@)).........
........#(.........
........#..........
........#..(..(....
#########.......... ####
#.......... )..#
###'###++## ...# ###
###(.....#
...#########.#####.#......#


You could see a yaktaur captain.


Message History

The yaktaur captain wields an uncursed arbalest.
The yaktaur captain shoots a bolt.
The bolt barely misses Chloe.
The bolt hits you!
* * * LOW HITPOINT WARNING * * *
The ogre hits Chloe with a giant club!!
The ogre misses Chloe.
You see here a bolt.
Chloe barely misses the ogre.
The ogre hits Chloe but does no damage.
The yaktaur captain shoots a bolt.
The bolt hits Chloe!
You see here a bolt.
There are monsters nearby!
Chloe barely misses the ogre.
The ogre closely misses Chloe.
The yaktaur captain unwields an uncursed arbalest.
The yaktaur captain hits Chloe!
Chloe barely misses the ogre.
The ogre hits Chloe with a giant club!!
Chloe is destroyed!
You pummel the ogre!!
You kill the ogre!
The ogre barely misses you.
You punch the ogre!
The ogre is heavily wounded.
The ogre mage hits you but does no damage.
The ogre closely misses you.
You barely miss the ogre.
The ogre is heavily wounded.
The ogre hits you but does no damage.
You barely miss the ogre. You punch the ogre, but do no damage.
The ogre is heavily wounded.
The ogre hits you with a giant club!
* * * LOW HITPOINT WARNING * * *
The ogre mage hits you but does no damage.
You punch the ogre!
The ogre is almost dead.
The ogre hits you with a giant club!
* * * LOW HITPOINT WARNING * * *
The ogre barely misses you. The ogre mage closely misses you.
You pummel the ogre!!
You kill the ogre!
You closely miss the ogre. You punch the ogre!
The ogre is heavily wounded.
The ogre hits you but does no damage.
The ogre mage gestures wildly while chanting.
The ogre mage flickers and vanishes for a moment.
You pummel the ogre!!
You kill the ogre!
The yaktaur captain wields an uncursed arbalest.
The yaktaur captain shoots a bolt.
The bolt hits the ogre mage!!
The ogre mage misses you.
There is an open door, spattered with blood here.
Items here: % ( )) a giant club x2; a bolt; an ogre corpse You beat the ogre mage into a bloody pulp!!!
You kill the ogre mage!
The yaktaur captain unwields an uncursed arbalest.
The yaktaur captain hits you!
* * * LOW HITPOINT WARNING * * *
Items here: %% ( ))) [ You hit the yaktaur captain but do no damage.
The yaktaur captain is moderately wounded.
The yaktaur captain hits you.
* * * LOW HITPOINT WARNING * * *
You punch the yaktaur captain!
The yaktaur captain is heavily wounded.
You punch the yaktaur captain!
The yaktaur captain is severely wounded.
The yaktaur captain hits you!
* * * LOW HITPOINT WARNING * * *
You punch the yaktaur captain!
The yaktaur captain is almost dead.
The yaktaur captain hits you!
You die...

Action                   |  1- 3 |  4- 6 |  7- 9 | 10-12 | 13-15 | 16-18 | 19-21 || total
-------------------------+-------+-------+-------+-------+-------+-------+-------++-------
Melee: Unarmed           |    68 |    84 |   305 |   417 |  1137 |  1198 |   251 ||  3460
       Punch             |     2 |     2 |    10 |    21 |    87 |   122 |    33 ||   277
Throw: Tomahawk          |       |       |       |       |       |     1 |       ||     1
Invok: Ancestor Identity |       |     1 |     1 |       |       |       |       ||     2
       Ancestor Life: Ba |       |     1 |       |       |       |       |       ||     1
       Recall Ancestor   |       |       |     1 |       |     5 |     2 |       ||     8
Evoke: Wand              |       |       |       |     1 |     3 |    13 |     1 ||    18
       Fan of gales      |       |       |       |       |     1 |     1 |       ||     2
       Phial of floods   |       |       |       |       |     1 |       |       ||     1
       Lamp of fire      |       |       |       |       |       |     1 |       ||     1
  Use: Scroll            |       |       |    16 |    13 |    10 |     9 |     1 ||    49
       Potion            |       |       |       |     4 |    13 |     8 |     1 ||    26
 Stab: Sleeping          |     7 |     1 |       |       |       |       |       ||     8
       Distracted        |       |     1 |     3 |     4 |     7 |     9 |       ||    24
       Invisible         |       |       |       |       |     1 |       |       ||     1
       Fleeing           |       |       |       |       |     1 |       |       ||     1
       Paralysed         |       |       |       |       |       |     2 |       ||     2
       Held in net/web   |       |       |       |       |       |     2 |       ||     2
       Confused          |       |       |       |       |       |     1 |       ||     1
  Eat: Chunk             |     3 |     9 |    12 |    26 |    85 |   100 |    21 ||   256
Armor: Robe              |    17 |     2 |       |       |       |       |       ||    19
       Ring mail         |       |    23 |     3 |       |       |       |       ||    26
       Chain mail        |       |       |   140 |       |     3 |       |       ||   143
       Scale mail        |       |       |     1 |       |       |       |       ||     1
       Plate armour      |       |       |    34 |   215 |   456 |   751 |    98 ||  1554
Dodge: Dodged            |    40 |    59 |   111 |   107 |   563 |   655 |   126 ||  1661
       Deflected         |     1 |     2 |     1 |     3 |    31 |    12 |     8 ||    58

Vault maps used:
D:1:      zelgadis_glass_arrival_small
D:2:      grunt_temple_overflow_open, lemuel_doored_altar, uniq_robin,
          uniq_sigmund, uniq_natasha
D:3:      nicolae_ru_sacrificial_ziggurat, first_ration, st_stairs_4, tgw_xom,
          uniq_grinder
D:4:      nicolae_overflow_hidden_temple, enter_ossuary_5, minivault_23
D:5:      uniq_duvessa
D:6:      temple_statues, minivault_4, guppyfry_early_elven_hall
D:7:      kennysheep_little_box, serial_shops, shop, shop, shop, shop, shop,
          uniq_menkaure
D:8:      dpeg_lair_monsters, grunt_ogre_cave
D:9:      makhleb_heckhound_becter, basic_altar
D:10:     kennysheep_orc_monster_closet_entryway, serial_shops,
          nicolae_shop_stone
D:11:     uniq_josephine, uniq_psyche, uniq_snorg
D:12:     lightli_bailey_entry_fortress, serial_park_tiny_2
D:13:     nicolae_trove_entry_crossroad
D:14:     hangedman_vaults_entry_quadrant_bands, minmay_strange_pillars,
          serial_undead, serial_undead_c, serial_undead_a, serial_undead_a,
          serial_undead_c, serial_undead_f, serial_undead_c, serial_undead_e,
          serial_undead_b, serial_undead_d, serial_undead_c, uniq_rupert
D:15:     hangedman_depths_entry_civil_slaughter, minmay_misc_feat_rows,
          sword_in_stone
Lair:1:   lemuel_fruit_tree, grunt_megastairs_5
Lair:2:   elwin_shoals_entry_stream, lemuel_fruit_fields, uniq_gastronok
Lair:3:   grunt_forest_large_clearings
Lair:4:   spider_nest_entry_webs, minmay_hedge_maze
Lair:6:   due_jungle_book, slime_altar_1, enter_volcano_3,
          infiniplex_staircase_pool_2
Spider:3: uniq_bai_suzhen
Spider:4: guppyfry_spider_rune, uniq_louise, uniq_agnes
Orc:2:    grunt_orc_community_town_hall, grunt_orc_community_big_house_2,
          grunt_orc_community_big_house_1, grunt_orc_community_house_1,
          grunt_orc_community_house_3, grunt_orc_community_house_1,
          grunt_orc_community_house_2, serial_shops, nicolae_shop_waterfront,
          shop, shop, shop, nicolae_shop_behind_doors
Vaults:1: v_misc_30, vaults_mumra_hex, v_misc_11, vaults_dpeg_doors,
          vaults_room_corners, ontoclasm_vaults_gateway, serial_shops,
          nicolae_shop_behind_doors, nicolae_shop_statue_plus, shop_fountains,
          shop_fountains
Vaults:2: v_misc_9, v_pattern_4, vaults_room_boxed,
          minmay_crypt_entry_necro_gods, st_greater_box_4,
          nicolae_vaults_shelves_hall, dpeg_vaults_monster_box,
          nicolae_vaults_little_squares_4, ontoclasm_vaults_decontamination,
          ontoclasm_vaults_pinch, nicolae_vaults_border_crossing, serial_shops,
          shop, uniq_frederick
Trove:    trove_library
Ossuary:  ossuary_tomb_2
Bailey:   bailey_axe_4, bailey
Volcano:  volcano_lake

Notes
Turn   | Place    | Note
-------+----------+-------------------------------------------
     0 | D:1      | HelenOfTrog the Ghoul Monk began the quest for the Orb.
     0 | D:1      | Reached XP level 1. HP: 19/19 MP: 0/0
    70 | D:1      | Reached XP level 2. HP: 24/26 MP: 1/1
   402 | D:1      | Reached skill level 4 in Unarmed Combat
   736 | D:2      | Reached XP level 3. HP: 32/32 MP: 2/2
   886 | D:2      | Noticed Sigmund
   902 | D:2      | Killed Sigmund
   902 | D:2      | Reached skill level 4 in Fighting
   902 | D:2      | Reached skill level 5 in Unarmed Combat
   902 | D:2      | Reached XP level 4. HP: 20/41 MP: 3/3
   902 | D:2      | Reached XP level 5. HP: 23/47 MP: 4/4
   928 | D:2      | Found a hazy altar of Hepliaklqana.
   933 | D:2      | Became a worshipper of Hepliaklqana the Forgotten
   933 | D:2      | Reached * piety under Hepliaklqana
   933 | D:2      | Reached ** piety under Hepliaklqana
   934 | D:2      | Remembered your ancestor Chloe as a battlemage
   946 | D:2      | Reached skill level 6 in Unarmed Combat
   982 | D:2      | Noticed Natasha
   989 | D:2      | Killed Natasha
   989 | D:2      | Reached XP level 6. HP: 44/49 MP: 5/5
  1104 | D:2      | Reached skill level 5 in Fighting
  1184 | D:2      | Noticed Robin
  1224 | D:2      | Killed Robin
  1304 | D:2      | Found an opulent altar of Gozag.
  1304 | D:2      | Found a bloodstained altar of Trog.
  1304 | D:2      | Noticed Natasha
  1305 | D:2      | Found a shattered altar of Ashenzari.
  1306 | D:2      | Found an ancient bone altar of Kikubaaqudgha.
  1306 | D:2      | Found a stormy altar of Qazlal.
  1312 | D:2      | Killed Natasha
  1589 | D:3      | Noticed Grinder
  1650 | D:3      | Paralysed by Grinder for 5 turns
  1665 | D:3      | Killed Grinder
  1665 | D:3      | Reached skill level 7 in Unarmed Combat
  1665 | D:3      | Reached XP level 7. HP: 48/55 MP: 6/6
  1819 | D:3      | Found a sacrificial altar of Ru.
  2100 | D:4      | Found a sand-covered staircase.
  2107 | Ossuary  | Entered an ossuary
  2255 | Ossuary  | Reached skill level 6 in Fighting
  2258 | Ossuary  | Reached skill level 8 in Unarmed Combat
  2372 | D:4      | Found an ornate altar of the Wu Jian Council.
  2639 | D:4      | Reached *** piety under Hepliaklqana
  2648 | D:4      | Reached XP level 8. HP: 63/63 MP: 7/7
  2986 | D:5      | Entered Level 5 of the Dungeon
  3145 | D:5      | Noticed Dowan
  3151 | D:5      | Noticed Duvessa
  3151 | D:5      | Killed Dowan
  3151 | D:5      | Reached skill level 9 in Unarmed Combat
  3160 | D:5      | Killed Duvessa
  3385 | D:5      | Reached skill level 7 in Fighting
  3416 | D:5      | Reached skill level 10 in Unarmed Combat
  3629 | D:5      | Reached XP level 9. HP: 55/72 MP: 8/8
  3831 | D:6      | Reached **** piety under Hepliaklqana
  3975 | D:6      | Reached skill level 8 in Fighting
  4247 | D:6      | Noticed a deep elf mage
  4261 | D:6      | Killed a deep elf mage
  4261 | D:6      | Reached skill level 11 in Unarmed Combat
  4340 | D:6      | Found a staircase to the Ecumenical Temple.
  4609 | D:7      | Found Juomuddu's Distillery.
  4618 | D:7      | Bought a potion of resistance for 130 gold pieces
  4618 | D:7      | Bought a potion of curing for 39 gold pieces
  4626 | D:7      | Reached skill level 9 in Fighting
  4661 | D:7      | Reached skill level 12 in Unarmed Combat
  4695 | D:7      | Found Emucilag's Antique Weapon Shoppe.
  4738 | D:7      | Found an iron altar of Okawaru.
  4762 | D:7      | Found Koh Zize's Jewellery Emporium.
  4766 | D:7      | Found Fuaqisug's Antique Armour Boutique.
  4770 | D:7      | Noticed Menkaure
  4773 | D:7      | Killed Menkaure
  4808 | D:7      | Noticed a purple ugly thing
  4825 | D:7      | Killed a purple ugly thing
  4825 | D:7      | Reached XP level 10. HP: 47/81 MP: 9/9
  4982 | D:7      | Found Zuedieb's Distillery.
  5121 | D:7      | Reached ***** piety under Hepliaklqana
  5438 | D:8      | Noticed a death yak
  5439 | D:8      | Noticed a death yak
  5441 | D:8      | Found a staircase to the Lair.
  5456 | D:8      | Killed a death yak
  5456 | D:8      | Reached skill level 13 in Unarmed Combat
  5459 | D:8      | Noticed a death yak
  5469 | D:8      | HP: 17/83 [death yak (24)]
  5490 | D:8      | HP: 9/83 [death yak (8)]
  5851 | D:8      | Killed a death yak
  5851 | D:8      | Reached skill level 10 in Fighting
  6406 | D:8      | Killed a death yak
  6416 | D:8      | Reached skill level 14 in Unarmed Combat
  6536 | D:8      | Noticed a two-headed ogre
  6547 | D:8      | Killed a two-headed ogre
  6547 | D:8      | Reached XP level 11. HP: 48/90 MP: 10/10
  6952 | D:8      | Reached skill level 11 in Fighting
  7301 | Lair:1   | Entered Level 1 of the Lair of Beasts
  7301 | Lair:1   | Noticed a four-headed hydra
  7305 | Lair:1   | Killed a four-headed hydra
  7436 | Lair:1   | Reached skill level 15 in Unarmed Combat
  7923 | Lair:1   | Noticed an eight-headed hydra
  7930 | Lair:1   | Killed an eight-headed hydra
  8195 | Lair:1   | You fall through a shaft!
  8574 | Lair:2   | Noticed Gastronok
  8583 | Lair:2   | HP: 14/93 [Gastronok (28)]
  8587 | Lair:2   | Killed Gastronok
  8587 | Lair:2   | Reached skill level 12 in Fighting
  8587 | Lair:2   | Reached skill level 16 in Unarmed Combat
  8747 | Lair:2   | Found a staircase to the Shoals.
  8756 | Lair:2   | Reached XP level 12. HP: 81/100 MP: 11/11
  9606 | Lair:3   | HP: 23/101 [wolf (3)]
  9893 | Lair:3   | Reached skill level 17 in Unarmed Combat
 10261 | Lair:3   | Reached skill level 13 in Fighting
 10279 | Lair:3   | Noticed Amnesiac's ghost (journeyman KoAr)
 10295 | Lair:3   | Killed Amnesiac's ghost
 10397 | Lair:3   | Noticed a seven-headed hydra
 10406 | Lair:3   | Killed a seven-headed hydra
 10559 | Lair:3   | Reached XP level 13. HP: 101/109 MP: 12/12
 10620 | Lair:3   | Reached skill level 18 in Unarmed Combat
 11121 | Lair:3   | Reached skill level 1 in Invocations
 11147 | Lair:3   | Reached skill level 1 in Armour
 11182 | Lair:3   | Reached skill level 2 in Invocations
 11184 | Lair:3   | HP: 21/110 [blink frog (10)]
 12023 | D:7      | Bought a crude helmet for 294 gold pieces
 12033 | D:7      | Identified the +0 helmet of the Other World {MP+9 Int+9 Dex-3} (You bought it in a shop on level 7 of the Dungeon)
 12186 | Lair:4   | Reached skill level 2 in Armour
 12219 | Lair:4   | Found a hole to the Spider Nest.
 12235 | Lair:4   | Reached skill level 3 in Invocations
 12332 | Lair:4   | Got a slimy ring mail
 12343 | Lair:4   | Identified the cursed +0 ring mail of Gravity {rN++ Int+2} (You found it on level 4 of the Lair of Beasts)
 12435 | Lair:4   | Reached skill level 14 in Fighting
 12499 | Lair:4   | Reached skill level 3 in Armour
 13062 | Lair:5   | Reached skill level 4 in Invocations
 13097 | Lair:5   | HP: 22/109 [rime drake/flash freeze (22)]
 13105 | Lair:5   | HP: 5/109 [death yak (16)]
 13351 | Lair:5   | Reached ****** piety under Hepliaklqana
 13396 | Lair:5   | Reached skill level 4 in Armour
 13649 | Lair:5   | Identified a scroll of acquirement
 13650 | Lair:5   | Got a pair of warped boots
 13656 | Lair:5   | Identified the +0 pair of boots of Disguise {rF++ Str-4 Int+6} (You acquired it on level 5 of the Lair of Beasts)
 13680 | Lair:5   | Reached skill level 5 in Invocations
 14109 | Lair:5   | You fall through a shaft!
 14109 | Lair:6   | Entered Level 6 of the Lair of Beasts
 14118 | Lair:6   | Reached XP level 14. HP: 101/119 MP: 17/17
 14144 | Lair:6   | Noticed emperorscorpion's ghost (journeyman DEFE)
 14184 | Lair:6   | Killed emperorscorpion's ghost
 14363 | Lair:6   | Found a dark tunnel.
 14370 | Volcano  | Entered a volcano
 14429 | Volcano  | Found a burning altar of Makhleb.
 14605 | Volcano  | Reached skill level 5 in Armour
 14605 | Volcano  | Reached skill level 6 in Invocations
 14646 | Volcano  | Found the +2 ratskin cloak {+Rats rPois rN+ Str-1 Int-1 Dex+1}
 15160 | Lair:6   | HP: 29/119 [yak (10)]
 15162 | Lair:6   | HP: 9/119 [yak (8)]
 15379 | Lair:6   | Reached skill level 19 in Unarmed Combat
 15423 | Lair:6   | Reached skill level 7 in Invocations
 15436 | Lair:6   | Reached skill level 15 in Fighting
 15591 | Lair:6   | Found a staircase to the Slime Pits.
 15591 | Lair:6   | Found a viscous altar of Jiyva.
 15928 | Lair:6   | Reached skill level 6 in Armour
 16100 | Lair:6   | Noticed a dire elephant
 16109 | Lair:6   | Killed a dire elephant
 16124 | Lair:6   | Noticed a dire elephant
 16124 | Lair:6   | Noticed a dire elephant
 16141 | Lair:6   | Killed a dire elephant
 16145 | Lair:6   | HP: 13/121 [dire elephant (21)]
 16150 | Lair:6   | HP: 30/121 [dire elephant (3)]
 16151 | Lair:6   | HP: 10/121 [dire elephant (20)]
 16153 | Lair:6   | Killed a dire elephant
 16354 | Lair:6   | Got a pair of faintly humming gloves
 16360 | Lair:6   | Identified the +2 pair of gloves "Caowuanu" {rF- rC+ rCorr Str+9} (You found it on level 6 of the Lair of Beasts)
 16437 | Lair:6   | Noticed a dire elephant
 16437 | Lair:6   | Noticed a dire elephant
 16446 | Lair:6   | Killed a dire elephant
 16453 | Lair:6   | Killed a dire elephant
 16476 | Lair:6   | Noticed a dire elephant
 16485 | Lair:6   | Killed a dire elephant
 16687 | D:9      | You fall through a shaft for 2 floors!
 17049 | D:11     | Noticed Josephine
 17058 | D:11     | Killed Josephine
 17058 | D:11     | Reached skill level 8 in Invocations
 17091 | D:11     | Noticed Snorg
 17104 | D:11     | Killed Snorg
 17472 | D:11     | Reached XP level 15. HP: 126/126 MP: 20/20
 17580 | D:10     | Entered Level 10 of the Dungeon
 17910 | D:9      | Found an iron altar of Okawaru.
 18150 | D:9      | Found a burning altar of Makhleb.
 18272 | D:9      | Noticed Bnni's ghost (novice DsMo)
 18282 | D:9      | Killed Bnni's ghost
 18282 | D:9      | Reached skill level 7 in Armour
 18840 | D:10     | Found Poarch's Antique Armour Boutique.
 18997 | D:10     | Found a staircase to the Orcish Mines.
 19196 | Orc:1    | Entered Level 1 of the Orcish Mines
 19365 | Orc:2    | Entered Level 2 of the Orcish Mines
 19621 | Orc:2    | Found Bewed's Jewellery Boutique.
 19666 | Orc:2    | Found Genirot's Distillery.
 19816 | D:7      | Bought a polished plate armour for 868 gold pieces
 19826 | D:7      | Identified the +2 plate armour of the Suburbs {MR- Int+3 Slay+5 SInv} (You bought it in a shop on level 7 of the Dungeon)
 19995 | Orc:2    | Found Malap's General Store.
 20020 | Orc:2    | Found Paxof's Antique Weapon Shop.
 20078 | Orc:2    | Found a roughly hewn altar of Beogh.
 20078 | Orc:2    | Found Bel Utautz's Book Boutique.
 20145 | Orc:2    | Found a roughly hewn altar of Beogh.
 20480 | Orc:2    | Found a staircase to the Elven Halls.
 20497 | Orc:2    | Found Qositwo's Book Shoppe.
 20531 | Orc:2    | Found a roughly hewn altar of Beogh.
 20583 | Orc:2    | Found a roughly hewn altar of Beogh.
 20583 | Orc:2    | Paralysed by an orc sorcerer for 3 turns
 20605 | Orc:2    | Found Dyanaoh's Book Shop.
 21079 | Orc:2    | Reached skill level 9 in Invocations
 21087 | Orc:2    | Noticed an orc warlord
 21092 | Orc:2    | Found Bum Beys's Antique Weapon Shoppe.
 21099 | Orc:2    | Killed an orc warlord
 21100 | Orc:2    | Found a roughly hewn altar of Beogh.
 21111 | Orc:2    | Found Bethao's Antique Armour Emporium.
 21206 | Orc:2    | Found a roughly hewn altar of Beogh.
 21291 | Orc:2    | HP: 15/128 [orc warrior/scimitar (25)]
 21776 | Orc:1    | Noticed an orc warlord
 21799 | Orc:1    | Killed an orc warlord
 21799 | Orc:1    | Reached skill level 16 in Fighting
 21799 | Orc:1    | Reached skill level 8 in Armour
 22154 | Orc:2    | Bought the ring of Beogh's Displeasure {rF+ Int+4 SInv} for 535 gold pieces
 22551 | D:11     | Noticed Psyche
 22556 | D:11     | Killed Psyche
 23173 | D:12     | Found a flagged portal.
 23198 | Bailey   | Entered a bailey
 24053 | D:13     | Found a portal to a secret trove of treasure.
 24257 | D:7      | Bought 2 potions of resistance for 240 gold pieces
 24431 | D:13     | You paid a toll of 5 potions of resistance to enter a treasure trove
 24432 | Trove    | Entered a treasure trove
 24489 | Trove    | Identified Sif Muna's Catalogue of Destructive Flames
 24506 | Trove    | Learned a level 2 spell: Blink
 24511 | Trove    | Learned a level 4 spell: Leda's Liquefaction
 24515 | Trove    | Learned a level 3 spell: Teleport Other
 24520 | Trove    | Learned a level 4 spell: Passage of Golubria
 24608 | D:13     | Reached skill level 10 in Invocations
 25218 | D:14     | Reached XP level 16. HP: 132/136 MP: 22/22
 25315 | D:14     | Reached skill level 20 in Unarmed Combat
 25337 | D:14     | Reached skill level 1 in Throwing
 25364 | D:14     | Reached skill level 9 in Armour
 25389 | D:14     | Noticed Rupert
 25400 | D:14     | Reached skill level 2 in Throwing
 25443 | D:14     | Killed Rupert
 25654 | D:14     | Reached skill level 3 in Throwing
 25697 | D:14     | HP: 30/135 [skeletal warrior/long sword (10)]
 26043 | D:14     | Reached skill level 4 in Throwing
 26536 | D:14     | Reached skill level 10 in Armour
 26661 | D:14     | Reached skill level 5 in Throwing
 26732 | D:14     | Found a gate to the Vaults.
 27279 | D:15     | Entered Level 15 of the Dungeon
 27579 | D:15     | Found a staircase to the Depths.
 27631 | D:15     | Noticed Harold
 27632 | D:15     | Noticed Urug
 27633 | D:15     | Reached skill level 6 in Throwing
 27657 | D:15     | Killed Harold
 27662 | D:15     | Killed Urug
 27814 | D:15     | Reached skill level 11 in Armour
 27973 | D:15     | Reached skill level 7 in Throwing
 28262 | D:15     | Reached XP level 17. HP: 104/143 MP: 23/23
 28874 | Spider:1 | Entered Level 1 of the Spider Nest
 29041 | Spider:1 | Reached skill level 8 in Throwing
 29070 | Spider:1 | HP: 33/143 [disintegration (26)]
 29075 | Spider:1 | HP: 29/142 [disintegration (32)]
 29534 | Spider:2 | Reached skill level 12 in Armour
 29924 | Spider:2 | Reached skill level 9 in Throwing
 31299 | Spider:3 | Noticed Bai Suzhen
 31316 | Spider:3 | Killed Bai Suzhen
 31316 | Spider:3 | Reached skill level 10 in Throwing
 31386 | Spider:3 | Reached skill level 13 in Armour
 32177 | Spider:4 | Entered Level 4 of the Spider Nest
 32203 | Spider:4 | HP: 32/143 [redback (17)]
 32208 | Spider:4 | Reached XP level 18. HP: 30/150 MP: 7/24
 32787 | Spider:4 | Noticed Louise
 32812 | Spider:4 | Killed Louise
 33075 | Spider:4 | Reached skill level 11 in Throwing
 33100 | Spider:4 | Noticed Agnes
 33117 | Spider:4 | Killed Agnes
 33362 | Spider:4 | HP: 34/150 [emperor scorpion (4)]
 33550 | Spider:4 | Reached skill level 14 in Armour
 33786 | Spider:4 | Reached skill level 3 in Dodging
 33920 | Spider:4 | Got a gossamer rune of Zot
 34437 | Vaults:1 | Entered Level 1 of the Vaults
 34455 | Vaults:1 | HP: 31/151 [wolf spider (16)]
 34675 | Vaults:1 | Reached skill level 4 in Dodging
 35487 | Vaults:1 | Found Bujolear's Antique Weapon Shoppe.
 35591 | Vaults:1 | Found Warumi's General Store.
 35600 | Vaults:1 | Bought a scroll of torment for 135 gold pieces
 35600 | Vaults:1 | Bought a scroll of teleportation for 54 gold pieces
 35600 | Vaults:1 | Bought a scroll of teleportation for 54 gold pieces
 35680 | Vaults:1 | HP: 29/151 [two-headed ogre/giant spiked club (14)]
 35685 | Vaults:1 | HP: 15/151 [orc warrior/scimitar[an orc knight] (9)]
 35802 | Vaults:1 | Reached skill level 5 in Dodging
 35868 | Vaults:1 | Reached skill level 17 in Fighting
 36018 | Vaults:1 | Reached XP level 19. HP: 159/159 MP: 25/25
 36165 | Vaults:1 | Found Ryramm's Jewellery Boutique.
 36359 | Vaults:1 | Found Subresana's Distillery.
 36367 | Vaults:1 | Bought 2 potions of heal wounds for 170 gold pieces
 36367 | Vaults:1 | Bought a potion of heal wounds for 85 gold pieces
 36367 | Vaults:1 | Bought a potion of heal wounds for 85 gold pieces
 36680 | Vaults:1 | Reached skill level 6 in Dodging
 36788 | Vaults:2 | Found Soeggeim's Food Shop.
 37289 | Vaults:2 | HP: 35/159 [vault warden/vampiric war axe (19)]
 37290 | Vaults:2 | Reached skill level 7 in Dodging
 37392 | Vaults:2 | HP: 28/160 [yaktaur captain (13)]
 37396 | Vaults:2 | Slain by a yaktaur captain

Vanquished Creatures
  Bai Suzhen (Spider:3)
  Rupert (D:14)
  Gastronok (Lair:2)
  Agnes (Spider:4)
  5 vault wardens
  5 emperor scorpions
  4 ghost moths (Spider:4)
  3 orc warlords
  A ghoul (D:14)
  Louise (Spider:4)
  3 ironheart preservers (Vaults:1)
  2 entropy weavers
  2 deep elf demonologists
  A spark wasp (Spider:2)
  6 dire elephants (Lair:6)
  2 ettins
  2 deep elf death magi (Vaults:1)
  Snorg (D:11)
  Josephine (D:11)
  2 yaktaur captains
  8 ogre magi
  6 hydras
  A vault guard (Vaults:1)
  An anaconda (Lair:6)
  A rakshasa (Vaults:2)
  Harold (D:15)
  26 two-headed ogres
  3 tengu warriors
  4 centaur warriors
  A dancing weapon (D:15)
  The ghost of Bnni the Martial Artist, a novice DsMo of Wu Jian (D:9)
  13 death yaks
  Urug (D:15)
  2 hell knights
  11 skeletal warriors
  4 unseen horrors
  2 wizards (D:14)
  A deep troll (D:15)
  A tengu zombie (Vaults:1)
  3 ironbrand convokers
  3 deep elf archers
  4 harpies (Vaults:2)
  6 orc knights
  2 deep elf magi
  15 wolf spiders
  20 orb spiders
  A wolf spider zombie (D:14)
  A necromancer (Vaults:1)
  2 orc sorcerers
  12 ugly things
  2 moths of wrath
  A manticore (D:13)
  5 cyclopes
  7 elephants
  A molten gargoyle (Volcano)
  2 vault sentinels (Vaults:1)
  A black mamba (Lair:3)
  3 gargoyles
  6 centaur skeletons
  A merfolk siren (Lair:2)
  2 torpor snails
  Psyche (D:11)
  6 spiny frogs
  13 yaktaurs
  2 rime drakes
  10 komodo dragons
  2 kobold demonologists
  A freezing wraith (Vaults:1)
  A redback zombie (D:14)
  A yaktaur (shapeshifter) (Vaults:1)
  11 demonic crawlers
  A guardian mummy (D:14)
  8 trolls
  25 jumping spiders
  2 polar bears
  5 hornets
  2 merfolk (Lair:2)
  8 slime creatures
  13 blink frogs
  10 hippogriffs
  Sigmund (D:2)
  69 redbacks
  5 wraiths
  7 wyverns
  20 tarantellas
  15 yaks
  An elf zombie (Vaults:1)
  2 fire bats (Volcano)
  3 basilisks
  2 hungry ghosts
  5 vampire mosquitoes
  5 wargs
  Menkaure (D:7)
  A harpy simulacrum (D:15)
  Duvessa (D:5)
  11 water moccasins
  2 hell hounds (Lair:6)
  5 porcupines
  2 ice beasts
  A hornet zombie (D:14)
  34 orc warriors
  3 sky beasts
  A black bear (D:13)
  33 wolves
  An eye of draining (D:9)
  2 necrophages
  2 boggarts (Vaults:1)
  24 ogres
  7 centaurs
  10 crocodiles
  3 big kobolds (D:10)
  12 bullfrogs
  A human zombie (Vaults:1)
  A wyvern zombie (D:14)
  A water moccasin zombie (Ossuary)
  2 gnoll sergeants (D:10)
  An ogre simulacrum (Vaults:1)
  A wyvern skeleton (D:14)
  8 scorpions
  8 killer bees
  3 wights (D:11)
  2 howler monkeys
  4 centaur zombies
  3 crimson imps
  3 lava snakes (Volcano)
  A quasit (D:7)
  6 hounds
  20 orc priests
  8 jellies
  12 orc wizards
  Natasha (D:2)
  3 iguanas
  4 hell rats (D:8)
  4 worker ants
  A big kobold zombie (Ossuary)
  6 mummies
  2 worker ant zombies
  Robin (D:2)
  26 gnolls
  4 adders
  A howler monkey skeleton (D:5)
  A river rat (D:8)
  3 shadow imps
  5 adder zombies (Ossuary)
  A worm (D:2)
  3 dart slugs
  5 leopard geckos
  74 orcs
  3 ball pythons
  3 giant cockroaches
  A gnoll zombie (Ossuary)
  21 goblins
  4 hobgoblins
  8 jackals (D:4)
  15 kobolds
  3 quokkas
  8 bats
  8 frilled lizards
  A giant cockroach zombie (D:5)
  3 hobgoblin zombies (Ossuary)
  4 kobold zombies (Ossuary)
  3 orc zombies (Ossuary)
  2 quokka skeletons (D:5)
  4 rats
  2 plants (Lair:6)
969 creatures vanquished.

Vanquished Creatures (collateral kills)
  2 vault wardens (Vaults:1)
  2 emperor scorpions (Spider:4)
  An ironheart preserver (Vaults:1)
  The ghost of Amnesiac the Fetichist, a journeyman KoAr of Gozag (Lair:3)
  An entropy weaver (Vaults:1)
  A spark wasp (Spider:3)
  The ghost of emperorscorpion the Eclecticist, a journeyman DEFE of Uskayaw (Lair:6)
  A vault guard (Vaults:1)
  An ogre mage (Vaults:1)
  5 hydras
  A centaur warrior (D:14)
  3 two-headed ogres
  A skeletal warrior (D:13)
  An ironbrand convoker (Vaults:1)
  3 orc knights
  3 deep elf magi
  3 ugly things
  6 orb spiders
  4 wolf spiders
  2 cyclopes
  A moth of wrath (shapeshifter) (Vaults:2)
  A vault sentinel (Vaults:1)
  2 centaur zombies
  3 elephants
  A molten gargoyle (Volcano)
  A centaur skeleton (D:12)
  4 yaktaurs
  3 komodo dragons
  5 demonic crawlers
  A freezing wraith (Vaults:1)
  10 jumping spiders
  2 hornets
  A merfolk (Lair:2)
  4 slime creatures
  2 trolls
  Grinder (D:3)
  6 blink frogs
  A meliai zombie (D:14)
  4 tarantellas
  19 redbacks
  3 yaks
  3 basilisks
  A vampire mosquito (D:14)
  2 water moccasins
  12 orc warriors
  A porcupine (Lair:4)
  An ice beast (D:5)
  A black bear (D:10)
  A phantom (D:5)
  6 wolves
  A centaur (D:8)
  A boggart (Vaults:1)
  An ogre (Orc:1)
  A bullfrog (D:15)
  A human skeleton (Vaults:1)
  A water moccasin zombie (Ossuary)
  A wyvern zombie (D:14)
  Dowan (D:5)
  2 scorpions
  2 lava snakes (Volcano)
  A jelly (D:6)
  A bullfrog skeleton (D:2)
  6 orc priests
  An iguana (D:7)
  Natasha (D:2)
  5 orc wizards
  2 big kobold zombies (Ossuary)
  4 gnolls
  An adder (D:2)
  3 adder zombies
  A leopard gecko (D:3)
  24 orcs
  4 goblins
  2 hobgoblins
  A frilled lizard (D:5)
  A hobgoblin zombie (Ossuary)
  2 kobolds (Bailey)
  A kobold zombie (Ossuary)
  A bush (Lair:4)
  A fungus (Lair:6)
  A withered plant (D:14)
222 creatures vanquished.

Vanquished Creatures (others)
  A wizard (D:15)
  A tarantella (Spider:3)
  30 battlemagi
  3 bushes (Lair:6)
  7 fungi
  10 plants
  A withered plant (D:14)
53 creatures vanquished.

Grand Total: 1244 creatures vanquished
